 Dungeon Crawl Stone Soup version 0.29.0-4-gdea44cf6ec (webtiles) character file.

Game seed: 13305637100257183100

178 qw the Ruffian (level 5, -4/41 HPs)
             Began as a Ghoul Fire Elementalist on Aug 30, 2022.
             Slain by a gnoll
             ... wielding a +0 whip
              (6 damage)
             ... on level 4 of the Dungeon.
             The game lasted 00:02:55 (3896 turns).

qw the Ruffian (Ghoul Fire Elementalist)            Turns: 3896, Time: 00:02:56

Health: -4/41      AC:  9    Str: 14    XL:     5   Next: 58%
Magic:  6/6        EV:  6    Int: 10    God:
Gold:   171        SH:  0    Dex:  9    Spells: 6/7 levels left

rFire   . . .      SeeInvis .     - Unarmed
rCold   + . .      Faith    .   (no shield)
rNeg    + + +      Spirit   .   h - +0 chain mail
rPois   inf        Reflect  .   (no helmet)
rElec   .          Harm     .   (no cloak)
rCorr   .          Rampage  .   (no gloves)
Will    .....                   f - +0 pair of boots
Stlth   ..........              (no amulet)
HPRegen 0.00/turn               (no ring)
MPRegen 0.10/turn               (no ring)

@: inhibited regen
A: claws 1, cold resistance 1, negative energy resistance 3, inhibited
regeneration, torment resistance 2, devour on kill
a: no special abilities


You were on level 4 of the Dungeon.
You visited 1 branch of the dungeon, and saw 4 of its levels.

You collected 171 gold pieces.


Innate Abilities, Weirdness & Mutations

You are immune to poison.
You have sharp fingernails.
Your flesh is cold resistant. (rC+)
You are immune to negative energy. (rN+++)
You do not regenerate when monsters are visible.
You are immune to unholy pain and torment.
You thrive by killing the living.


   Skills:
 - Level 2.0 Fighting
 - Level 1.4 Armour
 - Level 1.7 Dodging
 - Level 2.1 Stealth
 + Level 4.6 Unarmed Combat
 - Level 1.7 Spellcasting
 - Level 0.7 Conjurations
 - Level 2.4 Fire Magic


You had 6 spell levels left.
You knew the following spells:

 Your Spells              Type           Power      Damage    Failure   Level
a - Foxfire               Conj/Fire      16%        2x1d4     99%         1

Your spell library contained the following spells:

 Spells                   Type           Power      Damage    Failure   Level
 Scorch                   Fire           10%        2d6       99%         2
 Conjure Flame            Conj/Fire      4%         6-21      100%        3
 Inner Flame              Hex/Fire       3%         N/A       100%        3
 Flame Wave               Conj/Fire      4%         2d5       100%        4

Inventory:

Armour
 f - a +0 pair of boots (worn)
 h - a +0 chain mail (worn)
Jewellery
 i - a ring of flight
Scrolls
 a - 2 scrolls of identify
 g - a scroll of noise {unknown}
Potions
 b - a potion of might
 c - a potion of curing
 d - a potion of haste
 e - a potion of cancellation {unknown}

Dungeon Overview and Level Annotations

Branches:
Dungeon (4/15)
 Temple: D:4-7

Altars:

Shops:
D:1 *   D:4 :


Message History

You scratch the gnoll.
The gnoll is lightly wounded.
The gnoll hits you with a +0 whip.
The gnoll hits you from afar with a +0 spear.
3886 ||| Stepping ~*~*~tactically~*~*~ (outnumbered).
The gnoll attacks as you move away! The gnoll hits you but does no damage.
The gnoll attacks as you move away! The gnoll hits you with a +0 whip.
The gnoll hits you from afar with a +0 spear.
You scratch the gnoll.
The gnoll is moderately wounded.
You scratch the gnoll but do no damage.
The gnoll is moderately wounded.
The gnoll closely misses you. The gnoll hits you with a +0 whip.
The gnoll hits you but does no damage.
You scratch the gnoll.
The gnoll is severely wounded.
The gnoll barely misses you. x2; The gnoll hits you but does no damage.
You scratch the gnoll but do no damage.
The gnoll is severely wounded.
The gnoll hits you but does no damage. The gnoll barely misses you. x2
You closely miss the gnoll.
The gnoll is severely wounded.
The gnoll hits you but does no damage. The gnoll hits you with a +0 whip.
The gnoll hits you from afar with a +0 spear.
You closely miss the gnoll.
The gnoll is severely wounded.
The gnoll hits you with a +0 whip. The gnoll hits you but does no damage.
The gnoll hits you from afar with a +0 spear.
You scratch the gnoll.
You kill the gnoll!
You feel better.
The gnoll hits you but does no damage. x2
You scratch the gnoll but do no damage. The gnoll hits you with a +0 whip.
The gnoll closely misses you.
You closely miss the gnoll. The gnoll hits you with a +0 whip.
The gnoll hits you but does no damage.
You scratch the gnoll.
The gnoll is lightly wounded.
The gnoll hits you with a +0 whip.
You die...

### ### ###..# # #.##
#.....##. ##.# #......#
#.## #......# ##.##
##...g..# #..## #
#.....)@# ##..## ##
#....(g.## #...###.
#.........# ##..##..
#####...[.## #......
#.......#### #......
#..........######....#
#............##......#
##........#............
#......######..........


You could see 2 gnolls.

Vanquished Creatures
  Ijyb (D:4)
  A gnoll (D:4)
  A river rat (D:3)
  5 adders
  3 worms
  A dart slug (D:1)
  8 orcs
  6 endoplasms
  3 giant cockroaches (D:3)
  7 goblins
  5 hobgoblins
  3 quokkas
  7 ball pythons
  3 bats
  5 frilled lizards
  4 kobolds
  5 rats
68 creatures vanquished.

Notes
Turn   | Place    | Note
-------+----------+-------------------------------------------
     0 | D:1      | qw the Ghoul Fire Elementalist began the quest for the Orb.
     0 | D:1      | Reached XP level 1. HP: 14/14 MP: 2/2
     0 | D:1      | 0 ||| qw: Version: 0.1-a-90-g952f4b7
     0 | D:1      | 0 ||| qw: Game counter: 4323
     0 | D:1      | 0 ||| qw: Always use a shield: true
     0 | D:1      | 0 ||| qw: God list: Okawaru
     0 | D:1      | 0 ||| qw: Allow faded altars: false
     0 | D:1      | 0 ||| qw: Do Orc after D:15 true
     0 | D:1      | 0 ||| qw: Do second Lair branch before Depths: true
     0 | D:1      | 0 ||| qw: Lair rune preference: random
     0 | D:1      | 0 ||| qw: Plans: Normal
     0 | D:1      | 0 ||| PLANNING D:1-11
   129 | D:1      | 129 ||| Stepping ~*~*~tactically~*~*~ (hiding).
   132 | D:1      | HP: 3/14 [dart slug/slug dart (4)]
   136 | D:1      | Reached skill level 1 in Unarmed Combat
   433 | D:1      | Reached XP level 2. HP: 22/22 MP: 3/3
   469 | D:1      | Reached skill level 1 in Fighting
   614 | D:1      | Found Deit's General Store.
   619 | D:1      | 619 ||| SHOPLISTING scroll of identify (26 gold, have 6).
  1094 | D:1      | 1094 ||| UPGRADING to +0 ring mail.
  1104 | D:1      | 1104 ||| DROPPING +0 robe.
  1105 | D:1      | 1105 ||| UPGRADING to +0 pair of boots.
  1110 | D:1      | 1110 ||| UPGRADING to +0 scale mail.
  1120 | D:1      | 1120 ||| DROPPING +0 ring mail.
  1121 | D:1      | 1121 ||| READING 2 scrolls labelled JOK JOSIARO.
  1122 | D:1      | 1122 ||| DROPPING potion of magic.
  1169 | D:2      | Reached skill level 2 in Unarmed Combat
  1343 | D:2      | Reached XP level 3. HP: 28/28 MP: 4/4
  1528 | D:2      | Reached skill level 3 in Unarmed Combat
  1620 | D:2      | 1620 ||| Stepping ~*~*~tactically~*~*~ (stealth).
  1622 | D:2      | 1622 ||| Stepping ~*~*~tactically~*~*~ (stealth).
  1653 | D:2      | Reached XP level 4. HP: 35/35 MP: 5/5
  1695 | D:2      | 1695 ||| Stepping ~*~*~tactically~*~*~ (stealth).
  1986 | D:2      | 1986 ||| READING scroll labelled KYSMAO JUNYUT.
  1987 | D:2      | 1987 ||| READING scroll labelled QYNLANL RYJAO.
  2088 | D:2      | 2088 ||| READING scroll labelled RIVEUM IMNURIF.
  2089 | D:2      | 2089 ||| READING 2 scrolls of identify.
  2089 | D:2      | 2089 ||| IDENTIFYING fizzy green potion
  2130 | D:3      | 2130 ||| PLANNING SEWER
  2145 | D:3      | 2145 ||| STAIRDANCE
  2193 | D:3      | Found a faded altar of an unknown god.
  2193 | D:3      | Noticed a chaos spawn
  2364 | D:3      | Reached skill level 4 in Unarmed Combat
  2722 | D:3      | 2722 ||| Stepping ~*~*~tactically~*~*~ (water).
  2737 | D:3      | HP: 4/36 [river rat (7)]
  2769 | D:3      | 2769 ||| RIP SEWER
  2996 | D:3      | 2996 ||| PLANNING D:1-11
  3038 | D:3      | Reached XP level 5. HP: 41/41 MP: 6/6
  3265 | D:3      | 3265 ||| UPGRADING to +0 chain mail.
  3275 | D:3      | 3275 ||| DROPPING +0 scale mail.
  3276 | D:3      | 3276 ||| READING scroll labelled PAD MUAGGAEMED.
  3277 | D:3      | 3277 ||| DRINKING 2 murky amethyst potions.
  3278 | D:3      | 3278 ||| DRINKING 2 inky potions.
  3279 | D:3      | 3279 ||| READING 2 scrolls of identify.
  3279 | D:3      | 3279 ||| IDENTIFYING black potion
  3280 | D:3      | 3280 ||| DROPPING potion of brilliance.
  3281 | D:3      | 3281 ||| DROPPING potion of berserk rage.
  3415 | D:4      | Noticed Ijyb
  3416 | D:4      | 3416 ||| Stepping ~*~*~tactically~*~*~ (stealth).
  3459 | D:4      | Killed Ijyb
  3460 | D:4      | Reached skill level 1 in Armour
  3645 | D:4      | Found Vega's Book Shoppe.
  3886 | D:4      | 3886 ||| Stepping ~*~*~tactically~*~*~ (outnumbered).
  3892 | D:4      | HP: 8/41 [gnoll/+0 spear (3)]
  3895 | D:4      | HP: 2/41 [gnoll/+0 whip (3)]
  3896 | D:4      | Slain by a gnoll

Levels and vault maps discovered:
D:1:      ncdulo_halloftheorcs, layout_basic, serial_shops, shop_statue
D:2:      layout_basic
D:3:      layout_loops_ring, gup_sewer_entry_spiral,
          dreamdust_ecumenical_altar_sealed_demon
D:4:      layout_layer_cave, serial_shops, shop, uniq_ijyb

Skill      XL: |  1  2  3  4  5 |
---------------+----------------+-----
Unarmed Combat | 1 2 3 4 |  4.6
Fighting       | 1 2 |  2.0
Armour         | 1 |  1.4
Dodging        | |  1.7
Stealth        | |  2.1
Spellcasting   | |  1.7
Conjurations   | |  0.7
Fire Magic     | |  2.4

Action                   |  1- 3 |  4- 6 || total
-------------------------+-------+-------++-------
Melee: Unarmed           |   123 |   180 ||   303
       Punch             |     1 |     6 ||     7
  Use: Scroll            |     1 |     6 ||     7
       Potion            |       |     2 ||     2
Armor: Robe              |    10 |       ||    10
       Scale mail        |    23 |    45 ||    68
       Chain mail        |       |    36 ||    36
Dodge: Dodged            |    50 |    52 ||   102

Table legend:
 A = Non-vault XP
 B = Vault XP
 C = Vault XP percentage of total XP
 D = Non-vault monster count
 E = Vault monster count
 F = Vault count percentage of total count
                 A         B        C        D         E       F
            +---------+---------+-------+---------+---------+-------
      Total |     177 |      78 |  30.6 |      59 |       9 |  13.2
            +---------+---------+-------+---------+---------+-------
        D:1 |      23 |       0 |   0.0 |      14 |       0 |   0.0
        D:2 |      76 |       0 |   0.0 |      24 |       0 |   0.0
        D:3 |      41 |      40 |  49.4 |      15 |       8 |  34.8
        D:4 |      37 |      38 |  50.7 |       6 |       1 |  14.3
            +---------+---------+-------+---------+---------+-------
